 Dungeon Crawl Stone Soup version 0.20.1-1-g8b1a95d (webtiles) character file.

170 Peloso the Shield-Bearer (level 5, -6/49 HPs)
             Began as a Deep Dwarf Fighter on Aug 3, 2017.
             Killed by divine providence
             ... invoked by an orc priest
              (9 damage)
             ... on level 3 of the Dungeon.
             The game lasted 00:06:11 (2812 turns).

Peloso the Shield-Bearer (Deep Dwarf Fighter)       Turns: 2812, Time: 00:06:11

Health: -6/49      AC: 10    Str: 21    XL:     5   Next: 25%
Magic:  5/5        EV:  6    Int:  8    God:
Gold:   150        SH: 10    Dex: 12    Spells: 4/4 levels left

rFire    . . .     SeeInvis .   a - +1 long sword
rCold    . . .     Gourm    .   c - +0 shield
rNeg     . . .     Faith    .   x - +0 chain mail
rPois    .         Spirit   .   t - +0 helmet
rElec    .         Reflect  .   (no cloak)
rCorr    .         Harm     .   (no gloves)
MR       .....                  (no boots)
Stlth    ..........             (no amulet)
Regen    0.0/turn               (no ring)
MPRegen  0.1/turn               (no ring)

@: non-regenerating
A: damage resistance, heal wounds, sense surroundings 1, no regeneration
a: Heal Wounds


You were on level 3 of the Dungeon.
You were very hungry.

You visited 1 branch of the dungeon, and saw 3 of its levels.

You collected 150 gold pieces.

Inventory:

Hand Weapons
 a - a +1 long sword (weapon)
 b - a +2 hand axe of freezing
 j - a +0 spear
 s - a +0 antimagic spear
Missiles
 m - a throwing net
 n - 7 silver tomahawks (quivered)
Armour
 c - a +0 shield (worn)
 t - a +0 helmet (worn)
 x - a +0 chain mail (worn)
Scrolls
 e - a scroll of remove curse {unknown}
 h - 3 scrolls of magic mapping
 i - a scroll of fog {unknown}
 p - a scroll of identify
 u - a scroll of teleportation
Potions
 d - a potion of might
 g - a potion of flight
 k - 2 potions of brilliance
 l - a potion of haste
 v - a potion of cancellation {unknown}
 w - a potion of heal wounds {unknown}
Books
 r - a book of Minor Magic

   Spells                             Type                      Level
   a - Magic Dart                     Conjuration                  1
   b - Blink                          Translocation                2
   c - Call Imp                       Summoning                    2
   d - Slow                           Hexes                        2
   e - Conjure Flame                  Conjuration/Fire             3
   f - Mephitic Cloud                 Conjuration/Poison/Air       3
Comestibles
 f - 2 bread rations
 o - 2 royal jellies
 q - a fruit


   Skills:
 + Level 3.1 Fighting
 + Level 3.3 Long Blades
 + Level 4.2 Armour
 + Level 1.4 Dodging
 + Level 4.4 Shields


You had 4 spell levels left.
You didn't know any spells.

Dungeon Overview and Level Annotations

Branches:
Dungeon (3/15)

Altars:
Ru
Zin


Innate Abilities, Weirdness & Mutations

You are resistant to damage.
You can heal yourself by infusing magical energy.
You passively map a small area around you.
You do not regenerate.


Message History

You kill the orc!
You hit the orc.
The orc is lightly wounded.
The orc priest invokes the aid of Beogh against you.
Beogh smites you!
* * * LOW HITPOINT WARNING * * *
The orc hits you but does no damage.
You hit the orc.
The orc is severely wounded.
The orc hits you but does no damage.
You slash the orc!
You kill the orc!
The orc priest miscasts a cantrip.
You slash the dart slug!
You kill the dart slug!
You closely miss the orc. The orc hits you with a war axe.
* * * LOW HITPOINT WARNING * * *
The orc priest invokes the aid of Beogh against you.
Beogh smites you!
You die...

#########................# #.###
.....รท..'................# #....
...######........#.......# #####
##.######..........####.## #####
.#.#.............#.# #.# #....
.#.#.####[......o#.####.# #.>..
.#.#.#.........#o#......# #)...
.#.#.#.#######.#o############....
.#.#.#.#######.#@# #......#####
.#.#......#....#.#####.####.#
.#.....##.#.####..........#.#
.########.#.#####....#.#.##.#
.......##.#..........#.#.##.#
....##.##.#######....#.#.##.#
.....#.##.# #........#.#.##.#
.....#.##.# #.###....#.#....#
####.#.##.# #.# #....#.##########


You could see 2 orc priests and an orc.

Vanquished Creatures
  4 gnolls (D:3)
  7 adders
  A shadow imp (D:3)
  A worm (D:2)
  2 dart slugs
  2 leopard geckos
  3 orcs (D:3)
  7 bats
  4 goblins
  2 hobgoblins
  3 jackals (D:3)
  2 quokkas (D:3)
  5 frilled lizards
  9 kobolds
  6 rats
58 creatures vanquished.

Notes
Turn   | Place    | Note
-------+----------+-------------------------------------------
     0 | D:1      | Peloso the Deep Dwarf Fighter began the quest for the Orb.
     0 | D:1      | Reached XP level 1. HP: 20/20 MP: 1/1
   137 | D:1      | Reached XP level 2. HP: 27/27 MP: 2/2
  1062 | D:2      | Reached XP level 3. HP: 18/34 MP: 3/3
  1416 | D:2      | Reached XP level 4. HP: 10/42 MP: 4/4
  1522 | D:2      | Reached skill level 1 in Dodging
  1556 | D:2      | Found a glowing silver altar of Zin.
  1556 | D:2      | Noticed an angel
  2030 | D:3      | Found a sacrificial altar of Ru.
  2250 | D:3      | Reached XP level 5. HP: 25/49 MP: 5/5
  2812 | D:3      | Killed from afar by an orc priest

Skill      XL: |  1  2  3  4 |
---------------+-------------+-----
Fighting       | 3 |  3.1
Shields        | 4 |  4.4
Dodging        | 1 |  1.4
Long Blades    | 3 |  3.3
Armour         | 4 |  4.2

Action                   |  1- 3 |  4- 6 || total
-------------------------+-------+-------++-------
Melee: Long sword        |   104 |   112 ||   216
 Abil: Heal Wounds       |       |     1 ||     1
  Use: Scroll            |       |     9 ||     9
  Eat: Chunk             |     1 |     4 ||     5
Armor: Scale mail        |    40 |    14 ||    54
       Chain mail        |       |    38 ||    38
Dodge: Dodged            |    35 |    36 ||    71
Block: Shield            |    55 |    71 ||   126
       Rpst.: Long sword |    15 |     5 ||    20
